cohdb
Replays
Latest Replays
All Replays
Popular Replays
Top Player Replays
Match Explorer
How It Works
Community
CoH3 Stats
Reddit
Sign in to upload your games and track your stats! →
Sign in with Steam
Match 43040997
Unlisted
Match 43040997
Overview
Messages
Build Orders
End
Construct Infanterie Kompanie
Grenadier Squad
MG 42 Machine Gun Team
Grenadier Squad
GrW 34 Mortar Team
Construct Panzergrenadier Kompanie
Pak 40 Anti-tank Gun Team
251 Medium Carrier
Medical Bunker
Panzergrenadier Squad
Infanterie Officer Quarters
Pioneer Squad
Construct Panzer Kompanie
Pioneer Squad
Pak 40 Anti-tank Gun Team
MG 42 Bunker
Panzer IV Medium Tank
Pioneer Squad
Selects Breakthrough Battlegroup
Selects Assault Grenadiers
Selects 2.5-tonne Cargo Truck
2.5-tonne Cargo Truck
Selects Blitzkrieg
Selects Tiger Heavy Tank
MG 42 Machine Gun Team
Tiger Heavy Tank
Stoßtruppen Squad
Panzergrenadier Officer Quarters
Medical Bunker
Panzer IV Medium Tank
billthebluebot
Taiga
Dr. Anubis
LittleBirde
bigcheese
Sabom
[BxB] Victor
Davitrirus
0
0
Comments
sign in to comment!
No comments posted yet!